 Dungeon Crawl Stone Soup version 0.24-a0-139-geb6712d (webtiles) character file.

Game seed: 0

1511 Hybris the Spear-Bearer (level 8, -3/70 HPs)
             Began as a Hill Orc Fighter on Mar 1, 2019.
             Was a Believer of Qazlal.
             Slain by an ice beast (12 damage)
             ... on level 6 of the Dungeon on Mar 3, 2019.
             The game lasted 00:35:30 (5596 turns).

Hybris the Spear-Bearer (Hill Orc Fighter)          Turns: 5596, Time: 00:35:32

Health: -3/70      AC:  6    Str: 28    XL:     8   Next: 83%
Magic:  8/8        EV: 10    Int:  8    God:    Qazlal [**....]
Gold:   499        SH:  2    Dex: 14    Spells: 7/7 levels left

rFire    . . .     SeeInvis +   u - +3 halberd (chop)
rCold    . . .     Gourm    .   (shield currently unavailable)
rNeg     . . .     Faith    .   b - +0 scale mail
rPois    .         Spirit   .   (no helmet)
rElec    .         Reflect  .   (no cloak)
rCorr    .         Harm     .   (no gloves)
MR       .....     NoTele   +   (no boots)
Stlth    +.........             h - amulet of the acrobat
HPRegen  0.21/turn              e - +5 ring of slaying
MPRegen  0.11/turn              D - ring "Umezxepn" {-Tele Str+7 Dex+4 SInv Stlth+}

@: no status effects
A: no striking features
a: Upheaval, Renounce Religion


You were on level 6 of the Dungeon.
You worshipped Qazlal.
Qazlal was pleased with you.
You were not hungry.

You visited 1 branch of the dungeon, and saw 7 of its levels.
You also visited: Ossuary.

You collected 499 gold pieces.

Inventory:

Hand Weapons
 a - a +0 trident
 r - a +3 flail of holy wrath
 u - a +3 halberd of chopping (weapon)
Armour
 b - a +0 scale mail (worn)
 c - a +0 shield
Jewellery
 e - a +5 ring of slaying (left hand)
 g - a +3 ring of intelligence
 h - an amulet of the acrobat (around neck)
 x - an uncursed amulet of rage
 A - an uncursed ring of fire
 D - the ring "Umezxepn" (right hand) {-Tele Str+7 Dex+4 SInv Stlth+}
   (You found it on level 6 of the Dungeon)

   [ring of stealth]

   It affects your strength (+7).
   It affects your dexterity (+4).
   It lets you see invisible.
   It prevents most forms of teleportation.
   It makes you more stealthy.
Scrolls
 i - 7 scrolls of identify
 j - 7 scrolls of teleportation
 k - a scroll of enchant weapon {unknown}
 l - a scroll of fear {unknown}
 m - a scroll of fog {unknown}
 n - 2 scrolls of blinking
 q - a scroll of immolation {unknown}
 t - 3 scrolls of magic mapping
 v - a scroll of random uselessness {unknown}
 y - a scroll of torment {unknown}
 B - 2 scrolls of noise {unknown}
 G - 2 scrolls of amnesia {unknown}
 H - 2 scrolls of remove curse
Potions
 d - 4 potions of might
 o - 3 potions of lignification
 p - 4 potions of curing {unknown}
 s - 2 potions of brilliance {unknown}
 w - 3 potions of heal wounds {unknown}
 z - 3 potions of berserk rage {unknown}
 C - 2 potions of flight {unknown}
 E - 4 potions of haste {unknown}
 F - 3 potions of resistance {unknown}
 I - 3 potions of agility {unknown}
 J - 3 potions of degeneration {unknown}
 K - 2 potions of mutation {unknown}
Comestibles
 f - 10 rations
 L - 2 chunks of flesh


   Skills:
 - Level 5.7 Fighting
 - Level 1.3 Maces & Flails
 + Level 10.8 Polearms
 - Level 3.5 Armour
 - Level 3.4 Shields


You had 7 spell levels left.
You didn't know any spells.
Your spell library was empty.

Dungeon Overview and Level Annotations

Branches:
Dungeon (7/15)             Temple (0/1) D:7

Altars:
Dithmenos
Fedhas
Kikubaaqudgha
Makhleb
Nemelex Xobeh
Qazlal
Vehumet
Xom
Yredelemnul

Annotations:
D:3 melvinkitnick's ghost, weakling GnSu
D:6 2 transporters


Message History

The ice beast hits you but does no damage.
The two-headed ogre hits you with a +0 giant club!!
The two-headed ogre hits you with a cursed -2 giant spiked club!!
* * * LOW HITPOINT WARNING * * *
You see here a giant cockroach corpse.
Okay, then.
The ice beast closely misses you.
There is a stone staircase leading up here.
The ice beast barely misses you.
You climb upwards.
Level annotation: 2 transporters The bullfrog croaks.
There is a stone staircase leading down here.
You barely miss the ice beast.
The ice beast is moderately wounded.
The water moccasin hisses angrily.
The ice beast hits you.
* * * LOW HITPOINT WARNING * * *
The ice beast freezes you!
You die...

._.....### ♣♣♣♣♣########..
#.#....# ### #...####### ###
##### # ##### #.###.# #####...# #
##### #.....# #.......## ....##
#####.# #.##.....#######
###..########.# #..............#
###...........####.#.....)#####.#
.##..########..Y@.....)......##.#
.....# ######.##....[(..#.##.##.#
...>.###...........#.#..#.##.##.#
####.##..#########......#.......#
#.##.##..z©..z##....<####.####
#.##.#8.#...#F8#.##..# #.....
#..#.#...#.#S($#.##..#########
##...#.......?.#........# #
#..©#..©....$_#©.......# #


You could see a water moccasin, an ice beast, a bullfrog and a wight.

Vanquished Creatures
  A wraith (Ossuary)
  Eustachio (D:4)
  Edmund (D:4)
  A sky beast (D:5)
  2 orc warriors
  An ogre (D:4)
  Blork the orc (D:4)
  A bullfrog (D:6)
  A crimson imp (D:5)
  3 jellies
  2 iguanas
  Crazy Yiuf (D:6)
  3 orc wizards
  2 worker ants
  A big kobold zombie (Ossuary)
  2 hound zombies (D:7)
  4 mummies
  3 gnolls (D:5)
  6 adders
  2 worms (D:2)
  A dart slug (D:3)
  2 leopard geckos
  8 orcs
  9 giant cockroaches
  2 goblins (D:1)
  11 hobgoblins
  2 jackals (D:3)
  3 kobolds
  5 bats
  3 frilled lizards
  5 goblin zombies (Ossuary)
  3 hobgoblin zombies (Ossuary)
  A jackal zombie (D:5)
  2 kobold zombies
  2 leopard gecko skeletons
  2 orc zombies
  10 rats
110 creatures vanquished.

Notes
Turn   | Place    | Note
-------+----------+-------------------------------------------
     0 | D:1      | Hybris the Hill Orc Fighter began the quest for the Orb.
     0 | D:1      | Reached XP level 1. HP: 19/19 MP: 1/1
    75 | D:1      | Reached XP level 2. HP: 25/27 MP: 2/2
   496 | D:2      | Reached skill level 3 in Polearms
   496 | D:2      | Reached XP level 3. HP: 25/33 MP: 3/3
   847 | D:2      | Found a radiant altar of Vehumet.
   851 | D:2      | Found a burning altar of Makhleb.
   880 | D:2      | Found a stormy altar of Qazlal.
   888 | D:2      | Became a worshipper of Qazlal Stormbringer
  1427 | D:3      | Reached XP level 4. HP: 39/41 MP: 4/4
  1593 | D:3      | Reached skill level 4 in Polearms
  1620 | D:3      | Found a transporter.
  1622 | D:3      | Found a transporter.
  1622 | D:3      | Noticed melvinkitnick's ghost (weakling GnSu)
  1627 | D:3      | Noticed an ogre
  1627 | D:3      | Noticed an ogre
  2218 | D:4      | Reached XP level 5. HP: 47/47 MP: 5/5
  2248 | D:4      | Noticed Edmund
  2266 | D:4      | Killed Edmund
  2266 | D:4      | Reached skill level 5 in Fighting
  2266 | D:4      | Reached skill level 5 in Polearms
  2266 | D:4      | Reached XP level 6. HP: 11/56 MP: 6/6
  2575 | D:4      | Noticed Blork the orc
  2582 | D:4      | Killed Blork the orc
  2582 | D:4      | Reached skill level 1 in Maces & Flails
  2788 | D:4      | Reached skill level 6 in Polearms
  2809 | D:4      | Noticed Eustachio
  2821 | D:4      | Killed Eustachio
  2821 | D:4      | Reached skill level 7 in Polearms
  2821 | D:4      | Reached XP level 7. HP: 62/62 MP: 7/7
  3129 | D:5      | Entered Level 5 of the Dungeon
  3147 | D:5      | Reached * piety under Qazlal
  3238 | D:5      | Found a shadowy altar of Dithmenos.
  3337 | D:5      | Reached skill level 8 in Polearms
  3679 | D:5      | Found a sparkling altar of Nemelex Xobeh.
  3762 | D:6      | Found a basalt altar of Yredelemnul.
  3768 | D:6      | Got a vibrating amber ring
  3822 | D:6      | Found a transporter.
  3824 | D:6      | Noticed a vampire
  3826 | D:6      | Found a blossoming altar of Fedhas.
  3826 | D:6      | Found a transporter.
  3843 | D:6      | Identified the ring "Umezxepn" {-Tele Str+7 Dex+4 SInv
                  | Stlth+} (You found it on level 6 of the Dungeon)
  4056 | D:6      | Reached XP level 8. HP: 70/70 MP: 8/8
  4107 | D:6      | Found a shimmering altar of Xom.
  4120 | D:6      | Found a sand-covered staircase.
  4127 | Ossuary  | Entered an ossuary
  4127 | Ossuary  | Noticed a wraith
  4127 | Ossuary  | Noticed a wraith
  4127 | Ossuary  | Noticed a wraith
  4365 | Ossuary  | Reached skill level 9 in Polearms
  4554 | Ossuary  | Noticed a wraith
  4566 | Ossuary  | Killed a wraith
  5011 | D:6      | Found a runed translucent door.
  5012 | D:6      | Noticed Crazy Yiuf
  5042 | D:6      | Found a shimmering altar of Xom.
  5042 | D:6      | Found a shimmering altar of Xom.
  5044 | D:6      | Found an ancient bone altar of Kikubaaqudgha.
  5044 | D:6      | Found a shimmering altar of Xom.
  5044 | D:6      | Found a radiant altar of Vehumet.
  5150 | D:6      | Killed Crazy Yiuf
  5247 | D:6      | Reached skill level 10 in Polearms
  5331 | D:7      | Reached ** piety under Qazlal
  5344 | D:7      | Found a staircase to the Ecumenical Temple.
  5361 | D:7      | Found an ancient bone altar of Kikubaaqudgha.
  5558 | D:7      | Noticed a two-headed ogre
  5596 | D:6      | Slain by an ice beast

Levels and vault maps discovered:
D:1:      mushboom_english_gardens, layout_rooms
D:2:      layout_loops_ring, grunt_temple_overflow_open,
          nicolae_overflow_crystal_walls, st_stairs_9, minmay_misc_feat_encased,
          minmay_misc_feat_square
D:3:      layout_basic, first_ration, gammafunk_ghost_smash
D:4:      layout_basic, chequers_avenue, st_stairs_8, uniq_eustachio,
          uniq_blork_the_orc, uniq_edmund
D:5:      layout_loops_cross, grunt_dithmenos_smoke_and_mirrors, basic_altar,
          minivault_14
D:6:      layout_loops_cross, lemuel_crystal_altar,
          gammafunk_temple_overflow_arena, doesnt_xom_only_xom,
          nicolae_ossuary_entry_giza, uniq_crazy_yiuf_cottage
D:7:      layout_cave_pods, lemuel_crystal_altar, minmay_temple_entry_arrows,
          minmay_small_thing
Ossuary:  ossuary_kennysheep_city_of_the_dead

Skill      XL: |  1  2  3  4  5  6  7  8 |
---------------+-------------------------+-----
Fighting       | 4 5 |  5.7
Polearms       | 3 4 5 7 8 10 | 10.8
Maces & Flails | 1 |  1.3
Armour         | |  3.5
Shields        | |  3.4

Action                   |  1- 3 |  4- 6 |  7- 9 || total
-------------------------+-------+-------+-------++-------
Melee: Trident           |    92 |    63 |       ||   155
       Halberd           |       |    11 |   117 ||   128
       Flail             |       |     6 |       ||     6
  Use: Potion            |       |     1 |     1 ||     2
       Scroll            |       |       |     4 ||     4
 Stab: Distracted        |     1 |       |       ||     1
  Eat: Chunk             |       |     3 |     2 ||     5
       Ration            |       |     1 |     2 ||     3
Armor: Scale mail        |    28 |    18 |    27 ||    73
       Skin              |       |       |     1 ||     1
Dodge: Dodged            |    20 |    22 |    26 ||    68
Block: Shield            |    26 |    18 |       ||    44
       Other             |       |       |     4 ||     4

Table legend:
 A = Non-vault XP
 B = Vault XP
 C = Vault XP percentage of total XP
 D = Non-vault monster count
 E = Vault monster count
 F = Vault count percentage of total count
                 A         B        C        D         E       F
            +---------+---------+-------+---------+---------+-------
      Total |    1286 |     873 |  40.4 |      84 |      26 |  23.6
            +---------+---------+-------+---------+---------+-------
        D:1 |      28 |       0 |   0.0 |      17 |       0 |   0.0
        D:2 |      33 |      17 |  34.0 |      16 |       3 |  15.8
        D:3 |      63 |       0 |   0.0 |      15 |       0 |   0.0
        D:4 |     137 |     497 |  78.4 |       4 |       4 |  50.0
        D:5 |     307 |       0 |   0.0 |       9 |       0 |   0.0
        D:6 |     344 |      59 |  14.6 |       8 |       4 |  33.3
        D:7 |     374 |       0 |   0.0 |      15 |       0 |   0.0
    Ossuary |       0 |     300 | 100.0 |       0 |      15 | 100.0
            +---------+---------+-------+---------+---------+-------
